Map: Pylon LE

Players

Foil - Winner!

  • Race: Zerg Zerg
  • League: Master
  • Spawn Location: 5:00

Sindyr

  • Race: Terran Terran
  • Spawn Location: 11:00

VOD

Have the link to the VOD?

Description

Time

  • Played on: Sept. 8, 2025, 11:30 a.m.
  • Length: 19:09
Show
View Real Time Build Order
Export as new Build Order

Foil Zerg - Winner!

Build Orders: Hatch First, Lurkers 

Get SALT Encoding   

  12  0:06  Drone  
  13  0:20  Overlord  
  13  0:26  Overlord  
  13  0:31  Drone  
  14  0:39  Drone  
  15  0:43  Drone  
  16  0:57  Drone  
  17  1:05  Drone  
  18  1:17  Hatchery  
  18  1:18  Drone  
  18  1:20  Extractor  
  17  1:26  Drone  
  18  1:35  Spawning Pool  
  18  1:37  Drone  
  19  1:47  Drone  
  19  2:27  Zergling x4  
  21  2:36  Metabolic Boost, Queen  
  21  2:39  Queen  
  25  2:46  Zergling x2  
  25  2:47  Zergling x6  
  29  3:01  Overlord  
  29  3:22  Queen  
  31  3:27  Drone  
  31  3:28  Drone x4  
  31  3:29  Overlord  
  36  4:03  Drone  
  36  4:04  Drone x7  
  36  4:08  Overlord x2  
  44  4:26  Lair  
  44  4:33  Hatchery, Evolution Chamber  
  39  5:03  Drone  
  39  5:04  Drone x4  
  44  5:17  Zergling x12  
  50  5:24  Zerg Melee Weapons Level 1  
  50  5:32  Extractor  
  50  5:33  Infestation Pit  
  48  5:39  Drone x3  
  51  6:05  Drone x6  
  51  6:06  Drone x6  
  51  6:07  Drone x2  
  51  6:08  Drone  
  51  6:09  Overlord  
  62  6:39  Zergling x6  
  68  6:40  Zergling x18  
  68  6:43  Overlord x3  
  69  7:15  Baneling Nest  
  69  7:21  Extractor  
  69  7:22  Drone  
  68  7:23  Drone  
  68  7:24  Overlord x3, Extractor  
  68  7:27  Drone  
  68  7:28  Drone x2  
  68  7:29  Drone  
  72  7:47  Hydralisk Den  
  72  7:48  Hive  
  71  7:54  Queen  
  73  8:07  Baneling x5  
  73  8:10  Zergling x8  
  73  8:11  Zergling x2  
  78  8:15  Zerg Missile Weapons Level 1  
  78  8:17  Grooved Spines  
  78  8:33  Overlord x2  
  78  8:35  Overseer  
  78  8:37  Overseer  
  78  8:45  Hatchery  
  66  9:06  Hydralisk  
  66  9:07  Hydralisk x11  
  84  9:10  Zergling x2  
  84  9:11  Zergling x26  
  98  9:23  Infestor  
  100  9:46  Overlord x2  
  100  9:47  Infestor  
  102  10:01  Lurker Den  
  102  10:04  Extractor  
  102  10:05  Drone x3  
  103  10:10  Baneling x5  
  103  10:12  Overlord x2  
  103  10:14  Hydralisk  
  105  10:26  Extractor  
  105  10:27  Drone x2  
  105  10:28  Drone  
  107  10:39  Zergling x2  
  107  10:40  Zergling x20  
  118  10:48  Zerg Missile Weapons Level 2  
  118  10:49  Muscular Augments  
  118  10:50  Neural Parasite  
  98  12:03  Hydralisk x14  
  98  12:07  Seismic Spines  
  101  12:29  Hydralisk x2  
  93  12:30  Hydralisk x6  
  107  12:42  Hydralisk x5  
  107  12:43  Lurker  
  107  12:44  Lurker x3  
  120  12:45  Overseer  
  121  13:14  Extractor  
  121  13:19  Infestor x3  
  126  13:39  Pneumatized Carapace  
  93  13:54  Zergling x2  
  93  13:55  Zergling x28  
  92  14:01  Zerg Missile Weapons Level 3  
  92  14:04  Adaptive Talons  
  92  14:06  Lurker x2  
  92  14:07  Lurker x2  
  96  14:17  Baneling x2  
  96  14:19  Baneling x3  
  96  14:21  Centrifugal Hooks  
  82  14:46  Hydralisk  
  82  14:47  Hydralisk x9  
  102  15:02  Hatchery  
  101  15:18  Hydralisk  
  101  15:19  Hydralisk x6  
  115  15:25  Baneling x3  
  115  15:26  Hatchery  
  115  15:27  Zergling x4  
  116  15:52  Hydralisk  
  116  15:53  Hydralisk x9  
  116  15:55  Extractor  
  135  16:11  Overseer  
  135  16:16  Overseer  
  135  16:19  Hydralisk  
  135  16:20  Hydralisk x6  
  135  16:21  Hydralisk  
  151  16:27  Overlord x4  
  151  16:39  Zerg Ground Armor Level 1  
  151  16:45  Hatchery  
  150  16:52  Lurker  
  150  16:53  Lurker x2  
  153  17:02  Queen  
  94  18:26  Hydralisk  
  94  18:27  Hydralisk x27  
  92  18:28  Hydralisk x2  
  128  18:51  Lurker  
  128  18:52  Lurker x2  
Show
View Real Time Build Order
Export as new Build Order

Sindyr Terran 

Build Orders:  

Get SALT Encoding   

  12  0:01  SCV  
  13  0:14  Supply Depot  
  13  0:18  SCV  
  14  0:30  SCV  
  15  0:39  Barracks  
  15  0:42  SCV  
  16  0:54  SCV  
  17  1:06  SCV  
  17  1:10  Supply Depot  
  18  1:15  Refinery  
  18  1:18  Refinery  
  18  1:19  SCV  
  19  1:45  Orbital Command  
  19  2:01  Command Center  
  19  2:08  Marine  
  20  2:26  Marine  
  21  2:33  SCV  
  22  2:43  Marine  
  23  2:45  SCV  
  24  2:57  SCV  
  24  3:09  SCV  
  24  3:11  Barracks Reactor  
  25  3:14  Orbital Command  
  25  3:15  Supply Depot  
  25  3:22  SCV  
  26  3:30  Barracks  
  26  3:34  SCV  
  27  3:35  Factory  
  27  3:36  Orbital Command  
  27  3:46  SCV  
  28  3:58  SCV, Barracks  
  29  4:08  SCV  
  30  4:10  SCV  
  31  4:20  SCV  
  31  4:22  SCV  
  31  4:23  Refinery  
  33  4:26  Refinery  
  33  4:29  Engineering Bay  
  33  4:30  Engineering Bay  
  33  4:32  SCV  
  33  4:34  SCV  
  33  4:38  Barracks Tech Lab  
  35  4:42  Factory Tech Lab  
  35  4:44  SCV  
  35  4:46  SCV  
  35  4:47  Marine x2  
  38  4:56  SCV  
  38  4:58  SCV  
  41  5:01  Barracks Reactor  
  41  5:05  Marine x2  
  42  5:08  Stimpack  
  42  5:15  Terran Infantry Weapons Level 1, Terran Infantry Armor Level 1  
  42  5:22  Marine  
  42  5:23  Marine  
  42  5:26  Supply Depot  
  44  5:34  Command Center  
  44  5:36  Marine  
  44  5:37  Marine x2  
  44  5:40  Marine  
  44  5:41  Marine  
  51  5:44  Siege Tank  
  51  5:46  SCV x2  
  54  5:54  Marine  
  54  5:55  Marine x2  
  57  5:58  Marine x2, SCV x2  
  61  6:10  SCV  
  62  6:20  SCV  
  62  6:21  Marine  
  62  6:22  Marine  
  62  6:23  Supply Depot x2  
  58  6:27  Marine x3  
  54  6:39  Marine  
  50  6:40  Marauder  
  50  6:44  SCV  
  50  6:45  Marine x3, SCV  
  44  6:55  Siege Tank  
  44  6:56  SCV  
  44  6:57  SCV, Marine  
  50  7:01  Marauder  
  50  7:02  Marine  
  50  7:03  Marine x2  
  55  7:08  Starport, SCV  
  55  7:09  SCV  
  55  7:15  Marine  
  58  7:21  SCV  
  61  7:23  Marauder, SCV  
  61  7:25  Marine x3  
  65  7:33  Marine, SCV  
  65  7:35  SCV  
  68  7:43  Marine  
  71  7:44  Marauder  
  71  7:45  SCV  
  71  7:47  SCV  
  73  7:57  SCV x2  
  75  7:59  SCV  
  76  8:05  Starport Reactor  
  76  8:06  Armory  
  76  8:09  SCV x2  
  76  8:12  SCV  
  79  8:17  Barracks  
  79  8:19  Barracks  
  79  8:21  SCV x2  
  79  8:23  Command Center  
  79  8:24  Siege Tank, SCV  
  85  8:28  Marine x2  
  85  8:29  Marine  
  85  8:30  Marine  
  89  8:41  Orbital Command  
  89  8:49  Refinery  
  81  9:06  Marine x4, Marauder  
  81  9:08  Barracks Tech Lab  
  75  9:10  Barracks Reactor  
  75  9:16  SCV x3  
  78  9:23  Marine  
  78  9:24  Marine  
  79  9:28  Marauder  
  82  9:33  SCV x3  
  85  9:43  Terran Infantry Weapons Level 2, Terran Infantry Armor Level 2  
  85  9:45  SCV x3  
  88  9:49  Marauder  
  90  10:08  Terran Vehicle Weapons Level 1  
  90  10:10  Marauder  
  90  10:12  Siege Tank  
  95  10:16  Combat Shield  
  95  10:20  Medivac x2  
  99  10:22  Marine  
  99  10:23  Marine x6  
  106  10:32  Marauder  
  108  10:59  Supply Depot  
  108  11:01  Supply Depot  
  108  11:03  Supply Depot  
  108  11:04  Supply Depot  
  108  11:13  Refinery  
  108  11:15  Refinery  
  108  11:21  Marine x5, SCV x3  
  108  11:22  Marine x3, SCV  
  112  11:33  SCV x3  
  112  11:34  Siege Tank, SCV  
  112  11:38  Marine x5  
  104  11:40  Marauder  
  104  11:46  SCV  
  97  11:54  Marine x2  
  97  11:56  Marine x4  
  97  11:57  Marauder  
  100  12:02  Marauder  
  100  12:13  Medivac x2  
  99  12:18  Marine x4, Marauder  
  99  12:19  Marine x2  
  91  12:23  Marauder  
  84  12:36  Marine x6  
  89  12:37  Orbital Command  
  89  12:40  Marauder  
  89  12:43  Medivac  
  94  12:44  Marauder  
  96  12:51  Barracks  
  96  12:53  Barracks, Command Center  
  96  12:54  Marine, Starport  
  97  12:58  Terran Infantry Weapons Level 3  
  97  13:01  Marauder, Terran Infantry Armor Level 3  
  97  13:03  Marine  
  100  13:06  Marauder  
  100  13:08  Concussive Shells  
  102  13:22  Marine x5, Marauder  
  109  13:27  Smart Servos, Marauder  
  109  13:31  Starport  
  109  13:34  Terran Vehicle And Ship Armor Level 1  
  86  13:49  SCV x3  
  87  13:56  Barracks Reactor  
  87  13:57  Barracks Reactor  
  87  14:01  SCV x3  
  90  14:04  Refinery  
  90  14:06  Refinery  
  90  14:13  SCV x3  
  93  14:25  SCV  
  94  14:32  Marine x8, Marauder  
  94  14:33  Marauder, Marine x2  
  86  14:49  Marine  
  86  14:50  Marine  
  88  14:54  Marauder x2  
  92  15:00  Starport Reactor  
  92  15:11  Marine x3  
  92  15:12  Barracks, Marine x5  
  100  15:15  Marauder x2  
  100  15:16  Starport Reactor  
  104  15:24  Marine x2  
  106  15:29  Marine x3  
  106  15:33  Starport Tech Lab  
  109  15:36  Marauder  
  109  15:37  Marauder  
  109  15:41  Unknown  
  113  15:48  Medivac  
  113  15:49  Medivac, Marine x3  
  118  15:54  Siege Tank  
  123  15:57  Medivac  
  123  15:58  Marauder x2  
  123  16:01  Command Center  
  123  16:03  Barracks Reactor  
  129  16:09  Planetary Fortress  
  129  16:14  SCV x3  
  132  16:19  Marauder x2  
  136  16:26  SCV  
  136  16:32  Supply Depot  
  137  16:33  Supply Depot, Marine  
  137  16:34  Marine x4  
  137  16:35  Marine  
  143  16:41  Marauder x2  
  147  17:02  Marauder x2  
  151  17:09  SCV  
  152  17:15  Marine  
  152  17:16  Marine x11  
  152  17:21  SCV  
  165  17:23  Marauder  
  165  17:24  Marauder  
  168  18:00  Marine x4, SCV  
  168  18:01  Marauder, Marine  
  168  18:02  SCV x2  
  168  18:03  Marine x2  
  168  18:04  Marauder  
  164  18:12  Marine x4  
  145  18:13  Marine  
  145  18:14  SCV  
  145  18:18  Marine x4  
  145  18:19  Marine  
  145  18:20  Marine x2  
  145  18:22  SCV, Marauder  
  145  18:26  Marauder  
  138  18:30  Marine x2  
  124  18:35  Marine x2  
  124  18:36  Marine x4  
  114  18:43  Marauder  
  114  18:47  Marauder  
  103  18:55  SCV  
Tags
 
Composition
Lurkers
League
Master
Matchup
TvZ
Replay Pack
Multiplayer
Spawn Locations
Cross Positions
Add a new tag
Caveats
  • Supply blocks, unpowered buildings, or Contaminate may cause inaccurate times.
  • Supply counts are checked every 10 seconds.